 Dungeon Crawl Stone Soup version 0.13.1-28-g3517093 (webtiles) character file.

480 Magician the Chopper (level 6, -3/55 HPs)
             Began as a Minotaur Berserker on Mar 8, 2014.
             Was a Priest of Trog.
             Slain by a worker ant (5 damage)
             ... on Level 6 of the Dungeon.
             The game lasted 00:06:31 (977 turns).

Magician the Chopper (Minotaur Berserker)            Turns: 977, Time: 00:06:31

HP  -3/55        AC  7     Str 24      XL: 6   Next: 30%
MP   2/2         EV 10     Int  4      God: Trog [***...]
Gold 140         SH  2     Dex  9      Spells:  0 memorised,  5 levels left

Res.Fire  : . . .   See Invis. : .   a - +0 hand axe {=f}
Res.Cold  : . . .   Warding    : .   m - +0 ring mail
Life Prot.: . . .   Conserve   : .   (no shield)
Res.Poison: .       Res.Corr.  : .   (helmet restricted)
Res.Elec. : .       Clarity    : .   (no cloak)
Sust.Abil.: . .     Spirit.Shd : .   (no gloves)
Res.Mut.  : .       Stasis     : .   (no boots)
Res.Rott. : .       Flight     : .   (no amulet)
Saprovore : . . .                    (no ring)
                                     (no ring)

@: regenerating, mildly poisoned, quite resistant to hostile enchantments,
extremely unstealthy
A: retaliatory headbutt, fangs 1, horns 2, AC +2, SH +2
a: Burn Spellbooks, Berserk, Trog's Hand, Renounce Religion


You were on level 6 of the Dungeon.
You worshipped Trog.
Trog was most pleased with you.
You were near starving.

You visited 1 branch of the dungeon, and saw 6 of its levels.

You collected 120 gold pieces.

Inventory:

Hand weapons
 a - a +0,+0 hand axe (weapon) {=f}
Armour
 b - a +0 animal skin
 m - a +0 ring mail (worn)
 s - a +2 orcish chain mail
Comestibles
 c - a bread ration
Scrolls
 d - 5 scrolls of remove curse {unknown}
 f - a scroll of blinking {unknown}
 h - a scroll of teleportation {unknown}
 o - 2 scrolls of enchant weapon II {unknown}
 p - a scroll of magic mapping {unknown}
 q - a scroll of amnesia {unknown}
Jewellery
 e - an uncursed amulet of guardian spirit {unknown}
Potions
 g - a potion of speed {unknown}
 i - a potion of restore abilities {unknown}
 j - a potion of heal wounds {unknown}
 l - a potion of agility {unknown}
 n - 2 potions of magic
Miscellaneous
 k - a plain deck of war
Carrion
 r - an orc corpse


   Skills:
 + Level 5.7 Fighting
 * Level 7.3 Axes
 - Level 2.4 Armour
 - Level 2.1 Dodging


You had 5 spell levels left.
You didn't know any spells.

Dungeon Overview and Level Annotations

Branches:
Dungeon (6/27)                Orc (0/4) D:6
 Temple: D:4-7

Altars:
Nemelex Xobeh


Innate Abilities, Weirdness & Mutations

You reflexively headbutt those who attack you in melee.
You have a pair of horns on your head.
You have very sharp teeth.
You are partially covered in large bone plates (AC +2, SH +2).


Message History

The worker ant bites you.
* * * LOW HITPOINT WARNING * * *
You are poisoned.
The worker ant poisons you!
You closely miss the worker ant.
The worker ant is almost dead.
The worker ant bites you.
* * * LOW HITPOINT WARNING * * *
Use which ability? (? or * to list)
Your skin crawls.
You feel resistant to hostile enchantments.
You are near starving!
The worker ant bites you.
* * * LOW HITPOINT WARNING * * *
You are more poisoned.
The worker ant poisons you!
Drink which item? (? for menu, Esc to quit)
Magic courses through your body.
It was a potion of magic.
The worker ant bites you.
You die...

......#.#### ..#
#....B.....##..#
##.#.#####.....#
##.#.# #.###.#
.....# #.# .##
####.# #.# ...
#.#####.# #>#
#..)....# #.#
##.#).### #@#
#####)#....#####a#
....))...........#
.##.)...........##
.##....##.......#
.......##.......#
........B.......#
...........##...#
###........##...#


You could see a worker ant.

Vanquished Creatures
  A sky beast (D:5)
  A warg (D:6)
  A giant frog (D:6)
  An orc priest (D:6)
  An orc wizard (D:6)
  A gnoll (D:1)
  6 orcs (D:6)
  A giant cockroach (D:5)
  4 goblins
  8 hobgoblins
  9 jackals
  5 bats
  2 giant geckos
  4 giant newts
  3 kobolds (D:1)
  An orc zombie (D:6)
  A rat (D:1)
50 creatures vanquished.

Notes
Turn   | Place    | Note
--------------------------------------------------------------
     0 | D:1      | Magician, the Minotaur Berserker, began the quest for the Orb.
     0 | D:1      | Reached XP level 1. HP: 19/19 MP: 0/0
   131 | D:1      | Reached skill level 4 in Axes
   134 | D:1      | Reached XP level 2. HP: 9/26 MP: 0/0
   149 | D:1      | Acquired Trog's second power
   189 | D:1      | HP: 1/26 [hobgoblin (3)]
   287 | D:1      | Reached XP level 3. HP: 15/33 MP: 1/1
   365 | D:2      | Found a sparkling altar of Nemelex Xobeh.
   471 | D:2      | You fall through a shaft!
   564 | D:4      | Reached skill level 5 in Axes
   617 | D:5      | Entered Level 5 of the Dungeon
   617 | D:5      | Noticed a sky beast
   626 | D:5      | Killed a sky beast
   626 | D:5      | Reached skill level 6 in Axes
   626 | D:5      | Reached XP level 4. HP: 33/40 MP: 1/1
   626 | D:5      | Reached XP level 5. HP: 38/47 MP: 1/1
   636 | D:5      | Gained mutation: You have very sharp teeth. [mutagenic meat]
   637 | D:5      | Gained mutation: You are partially covered in large bone plates (AC +2, SH +2). [mutagenic meat]
   748 | D:6      | Reached skill level 5 in Fighting
   904 | D:6      | Reached skill level 7 in Axes
   904 | D:6      | Reached XP level 6. HP: 25/55 MP: 2/2
   958 | D:6      | Found a staircase to the Orcish Mines.
   976 | D:6      | HP: 1/55 [worker ant (6)]
   977 | D:6      | Slain by a worker ant

Action                   |  1- 3 |  4- 6 || total
-------------------------+-------+-------++-------
Melee: Hand axe          |    77 |    42 ||   119
Invok: Berserk           |     2 |     1 ||     3
       Trog's Hand       |     1 |     2 ||     3
  Use: Potion            |       |     1 ||     1
